 Dungeon Crawl Stone Soup version 0.30-a0-374-g95c0257040 (webtiles) character file.

Game seed: 15375278782338785478

61 pokeman the Magician (level 3, -1/20 HPs)
             Began as a Deep Elf Hedge Wizard on Nov 25, 2022.
             Slain by a black bear (4 damage)
             ... on level 3 of the Dungeon on Nov 26, 2022.
             The game lasted 00:03:34 (2625 turns).

pokeman the Magician (Deep Elf Hedge Wizard)        Turns: 2625, Time: 00:03:36

Health: -1/20      AC:  5    Str:  7    XL:     3   Next: 83%
Magic:  0/11       EV: 11    Int: 20    God:
Gold:   143        SH:  0    Dex: 14    Spells: 3/12 levels left

rFire   . . .      SeeInvis .    a - +0 dagger
rCold   . . .      Faith    .    (no shield)
rNeg    . . .      Spirit   .    c - +0 leather armour
rPois   .          Reflect  .    o - +0 helmet
rElec   .          Harm     .    (no cloak)
rCorr   .          Rampage  .    m - +0 pair of gloves
Will    .....                    (no boots)
Stlth   ++........               (no amulet)
HPRegen 0.23/turn                (no ring)
MPRegen 0.12/turn                (no ring)

@: very slightly contaminated
A: no striking features
a: no special abilities


You were on level 3 of the Dungeon.
You visited 1 branch of the dungeon, and saw 3 of its levels.

You collected 143 gold pieces.

Inventory:

Hand Weapons
 a - a +0 dagger (weapon)
Armour
 c - a +0 leather armour (worn)
 m - a +0 pair of gloves (worn)
 o - a +0 helmet (worn)
Scrolls
 g - 2 scrolls of vulnerability {unknown}
 h - 2 scrolls of magic mapping {unknown}
 i - 7 scrolls of identify {unknown}
 k - 2 scrolls of enchant armour {unknown}
 l - a scroll of immolation {unknown}
Potions
 b - a potion of cancellation {unknown}
 d - a potion of magic
 e - 2 potions of might {unknown}
 f - 2 potions of haste {unknown}
 j - a potion of brilliance {unknown}
 n - a potion of attraction {unknown}
 p - a potion of heal wounds {unknown}


   Skills:
 - Level 1.0 Fighting
 - Level 1.0 Armour
 + Level 2.4 Dodging
 + Level 2.5 Stealth
 * Level 5.4 Spellcasting
 + Level 2.0 Conjurations
 - Level 1.1 Summonings
 - Level 1.1 Translocations


You had 3 spell levels left.
You knew the following spells:

 Your Spells              Type           Power      Damage    Failure   Level
a - Magic Dart            Conj           52%        1d5       7%          1
b - Mephitic Cloud        Conj/Pois/Air  8%         N/A       36%         3
c - Call Imp              Summ           9%         N/A       16%         2
d - Blink                 Tloc           18%        N/A       16%         2
e - Foxfire               Conj/Fire      36%        2x1d5     11%         1

Your spell library contained the following spells:

 Spells                   Type           Power      Damage    Failure   Level
 Slow                     Hex            20%        N/A       16%         1
 Cigotuvi's Dreadful Rot  Necr/Pois/Air  10%        N/A       24%         2
 Fireball                 Conj/Fire      4%         3d4       96%         5
 Starburst                Conj/Fire      4%         6d4       100%        6


Dungeon Overview and Level Annotations

Branches:
Dungeon (3/15)

Altars:


Message History

Press: ? - help, Shift-Dir - straight line, f/p - black bear
Aim: a black bear (heavily wounded, chance to affect: 72%)
You miscast Mephitic Cloud.
Nothing appears to happen.
Unknown command.
Casting: Mephitic Cloud (astonishingly dangerous; 36% risk of failure)
Confirm with . or Enter, or press ? or * to list all spells.
You conjure some foxfire!
The black bear bites you but does no damage.
The black bear claws you but does no damage. x2
Casting: Foxfire (safe; 11% risk of failure)
Confirm with . or Enter, or press ? or * to list all spells.
You conjure some foxfire!
The foxfire hits the black bear but does no damage.
The black bear is heavily wounded.
The foxfire hits the black bear.
The black bear is severely wounded.
The black bear misses you. The black bear claws you.
The black bear barely misses you.
The foxfire hits the black bear.
The black bear is severely wounded.
The foxfire hits the black bear.
The black bear is severely wounded.
Casting: Foxfire (safe; 11% risk of failure)
Confirm with . or Enter, or press ? or * to list all spells.
You conjure some foxfire!
The black bear goes berserk!
Unknown command.
The black bear attacks as you move away!
The black bear bites you! The black bear closely misses you.
The black bear claws you but does no damage.
The foxfire hits the black bear but does no damage.
The black bear is severely wounded.
The foxfire hits the black bear but does no damage.
The black bear is severely wounded.
The black bear attacks as you move away!
The black bear bites you!
* * * LOW HITPOINT WARNING * * *
The black bear completely misses you. The black bear barely misses you.
The black bear closely misses you. The black bear barely misses you.
The black bear claws you.
You die...

....# ....# #.## ###.##......#
#.# ..#.##......# #.#
#.#.##......# #.# #.#.# ......#
#.# ....# .....#####.#
#.######.##.......#
#.h......##.####..#
.....##........h@.#
#.##.##.....>.....# ##
#....##...........# #. .#
#.##.##...#.......# #. .#
#.##......).......# ###.#####.#
.........†......####............#
.#######.######## #.####....)..#
. #...# #...##.......# #...#
###...##....<...


You could see a black bear (berserk).

Vanquished Creatures
  2 adders
  A dart slug (D:3)
  5 ball pythons
  2 endoplasms (D:2)
  2 giant cockroaches (D:2)
  3 goblins
  5 hobgoblins
  2 jackals (D:2)
  5 kobolds
  A quokka (D:2)
  5 bats
  4 frilled lizards
  3 rats
40 creatures vanquished.

Vanquished Creatures (others)
  68 foxfires
68 creatures vanquished.

Grand Total: 108 creatures vanquished

Notes
Turn   | Place    | Note
-------+----------+-------------------------------------------
     0 | D:1      | pokeman the Deep Elf Hedge Wizard began the quest for the
                  | Orb.
     0 | D:1      | Reached XP level 1. HP: 10/10 MP: 7/7
   505 | D:1      | Reached XP level 2. HP: 16/16 MP: 4/9
  1207 | D:2      | Reached skill level 5 in Spellcasting
  1274 | D:2      | Reached XP level 3. HP: 20/20 MP: 3/11
  1278 | D:2      | Learned a level 3 spell: Mephitic Cloud
  1281 | D:2      | Learned a level 2 spell: Call Imp
  1284 | D:2      | Learned a level 2 spell: Blink
  1422 | D:2      | Learned a level 1 spell: Foxfire
  1732 | D:2      | Found a faded altar of an unknown god.
  2109 | D:3      | Reached skill level 1 in Fighting
  2109 | D:3      | Reached skill level 1 in Armour
  2598 | D:3      | Noticed a black bear
  2625 | D:3      | Slain by a black bear

Illustrated notes

Levels and vault maps discovered:
D:1:      heliophobic_arrival_ceremonial_halls, layout_basic
D:2:      layout_basic, shapermc_ecumenical_altar_mp_vishouse
D:3:      layout_loops_cross, kennysheep_generic_room_6

Skill      XL: |  1  2  3 |
---------------+----------+-----
Spellcasting   | 5 |  5.4
Fighting       | 1 |  1.0
Armour         | 1 |  1.0
Conjurations   | 2 |  2.0
Dodging        | |  2.4
Stealth        | |  2.5
Summonings     | |  1.1
Translocations | |  1.1

Action                   || total
-------------------------++-------
Melee: Dagger            ||     1
 Cast: Magic Dart        ||    51
       Foxfire           ||    39
Armor: Leather armour    ||     5
Dodge: Dodged            ||     8

Table legend: (Time is in decaauts)
 A = Elapsed time spent in this place.
 B = Non-inter-level travel time spent in this place.
 C = Inter-level travel time spent in this place.
 D = Time resting spent in this place.
 E = Time spent auto-exploring this place.
 F = Levels seen in this place.
 G = Mean time per level.
                   A        B        C        D        E       F      G
               +--------+--------+--------+--------+--------+-----+--------+
         Total |   2624 |   2579 |     45 |      0 |   2293 |   3 |  874.7 |
       Dungeon |   2624 |   2579 |     45 |      0 |   2293 |   3 |  874.7 |
               +--------+--------+--------+--------+--------+-----+--------+

Top non-repeatable levels by time:
     D:1: 1077 daAuts
     D:2: 1026 daAuts
     D:3: 520 daAuts
